Map: Ever Dream LE

Players

Dream - Winner!

  • Race: Terran Terran
  • League: Master
  • Spawn Location: 1:00

A.I. 1 (Easy)

  • Race: Protoss Protoss
  • Spawn Location: 7:00

VOD

Have the link to the VOD?

Description

Time

  • Played on: July 23, 2020, 9:27 p.m.
  • Length: 11:27
Show
View Real Time Build Order
Export as new Build Order

Dream Terran - Winner!

Build Orders: Reaper Expand, Mech, Banshee Rush 

Get SALT Encoding   

  12  0:02  SCV  
  13  0:14  SCV  
  13  0:17  Supply Depot  
  14  0:26  SCV  
  15  0:39  SCV  
  15  0:41  Barracks  
  16  0:45  Refinery  
  16  0:51  SCV  
  17  1:03  SCV  
  18  1:15  SCV  
  19  1:28  Orbital Command  
  19  1:29  Reaper  
  20  1:41  Command Center  
  20  1:50  Supply Depot  
  20  1:54  SCV  
  20  2:00  Marine  
  22  2:07  Factory  
  22  2:09  SCV  
  22  2:15  Refinery  
  23  2:21  Barracks Reactor  
  23  2:23  Bunker  
  23  2:26  SCV  
  24  2:38  SCV  
  25  2:50  SCV  
  28  2:51  Hellion  
  28  2:52  Starport  
  28  2:57  Orbital Command  
  28  3:01  Marine x2  
  28  3:05  SCV  
  31  3:12  Factory Tech Lab  
  31  3:17  SCV  
  31  3:19  Supply Depot  
  32  3:22  SCV  
  32  3:24  Marine  
  32  3:26  Marine  
  35  3:29  SCV  
  36  3:35  SCV  
  36  3:37  Cloaking Field  
  36  3:40  Banshee  
  40  3:41  SCV  
  40  3:42  Factory Tech Lab  
  41  3:48  SCV  
  41  3:49  Marine x2  
  41  3:53  SCV, Supply Depot  
  45  4:01  SCV  
  46  4:04  Siege Tank  
  46  4:05  SCV  
  46  4:06  Marine  
  46  4:07  Marine  
  52  4:12  Supply Depot  
  52  4:13  SCV  
  53  4:17  SCV  
  53  4:23  Banshee  
  57  4:24  Marine  
  57  4:25  SCV, Marine  
  57  4:27  Refinery  
  57  4:28  Refinery  
  57  4:29  SCV  
  61  4:37  SCV  
  62  4:40  Siege Tank  
  62  4:42  SCV, Marine  
  62  4:43  Marine, Supply Depot  
  68  4:50  SCV  
  69  4:54  SCV  
  70  5:04  Marine x2  
  70  5:05  SCV  
  70  5:06  SCV, Supply Depot  
  74  5:07  Command Center  
  74  5:11  Banshee  
  77  5:20  SCV  
  77  5:21  Supply Depot  
  78  5:25  Supply Depot  
  78  5:28  Siege Tank, SCV, Marine x2  
  84  5:33  Supply Depot  
  84  5:36  SCV  
  84  5:40  SCV  
  86  5:45  Marine x2  
  86  5:49  Factory  
  88  5:50  Factory  
  88  5:53  SCV x2  
  88  5:54  Banshee  
  93  6:01  Siege Tank  
  93  6:02  Hyperflight Rotors  
  96  6:05  SCV x2  
  96  6:10  Engineering Bay  
  98  6:16  Supply Depot  
  98  6:17  Supply Depot  
  98  6:19  SCV x2  
  100  6:31  SCV x2  
  102  6:41  Banshee  
  102  6:42  Siege Tank  
  102  6:43  SCV x2  
  102  6:45  Factory Tech Lab  
  110  6:47  Orbital Command  
  110  6:51  Refinery  
  110  6:52  Hellion x2  
  114  6:55  Refinery  
  114  6:57  SCV x2  
  116  7:01  Armory  
  116  7:02  Armory  
  116  7:05  Siege Tank  
  119  7:14  Siege Tank  
  122  7:19  SCV x3  
  122  7:21  Hellion x2  
  129  7:24  Banshee  
  132  7:31  SCV x3  
  132  7:32  Supply Depot  
  132  7:33  Supply Depot  
  132  7:36  Supply Depot  
  135  7:43  SCV x3  
  138  7:46  Siege Tank x2  
  138  7:47  Factory x2  
  144  7:53  Terran Vehicle Weapons Level 1  
  144  7:56  Terran Vehicle And Ship Armor Level 1  
  148  7:58  Hellion x2  
  148  8:07  Banshee  
  151  8:13  Command Center, Supply Depot x2  
  151  8:16  Supply Depot x2  
  151  8:21  Siege Tank  
  151  8:22  Siege Tank, Hellion x2  
  161  8:32  Factory Tech Lab, Factory Reactor  
  161  8:37  Infernal Pre-Igniter  
  161  8:38  Smart Servos  
  161  8:50  Banshee  
  161  8:51  Siege Tank  
  167  8:56  Unknown  
  167  9:00  Siege Tank  
  167  9:01  Hellion x2  
  174  9:03  Siege Tank  
  174  9:09  Missile Turret  
  177  9:10  Missile Turret  
  177  9:11  Missile Turret x2  
  177  9:12  Missile Turret x2  
  177  9:13  Missile Turret x2  
  177  9:14  Missile Turret x2  
  177  9:16  Hellion x2  
  181  9:23  Siege Tank  
  184  9:28  Hellion  
  184  9:30  Hellion  
  188  9:33  Banshee  
  191  9:46  Planetary Fortress  
  191  9:52  Siege Tank x2  
  199  9:53  Hellion  
  199  10:14  Command Center  
  199  10:27  Missile Turret  
  199  11:00  Factory x2  
  199  11:01  Factory  
Show
View Real Time Build Order
Export as new Build Order

A.I. 1 (Easy) Protoss 

Build Orders: 1 Gate Expand, Nexus First 

Get SALT Encoding   

  12  0:00  Probe  
  13  0:13  Probe  
  14  0:19  Pylon  
  14  0:25  Probe  
  15  0:33  Probe  
  16  0:50  Gateway  
  16  1:05  Nexus  
  16  1:22  Pylon  
  16  1:26  Assimilator  
  16  1:29  Zealot  
  16  1:39  Probe  
  19  1:41  Cybernetics Core  
  19  1:52  Probe  
  20  1:59  Assimilator  
  20  2:01  Probe  
  20  2:02  Zealot  
  23  2:14  Probe  
  23  2:16  Pylon  
  23  2:19  Warp Gate  
  24  2:25  Stalker  
  24  2:27  Probe  
  27  2:32  Probe  
  28  2:50  Probe  
  29  2:52  Assimilator  
  29  2:54  Probe  
  29  2:56  Sentry  
  32  3:02  Probe  
  33  3:07  Probe  
  33  3:12  Probe  
  34  3:19  Probe  
  36  3:20  Probe  
  30  3:27  Adept  
  37  3:29  Probe  
  37  3:31  Probe  
  41  3:41  Probe  
  42  3:45  Probe, Pylon  
  43  3:53  Probe  
  44  3:57  Probe, Stalker  
  44  3:59  Robotics Facility  
  47  4:06  Probe  
  47  4:08  Probe  
  48  4:16  Probe, Pylon  
  49  4:18  Probe  
  49  4:24  Probe  
  51  4:30  Probe  
  53  4:32  Probe  
  53  4:35  Stalker  
  56  4:39  Pylon  
  56  4:42  Probe  
  56  4:44  Probe  
  58  4:47  Observer  
  59  4:55  Probe  
  59  4:56  Probe  
  59  4:57  Assimilator  
  61  5:05  Sentry  
  61  5:06  Probe  
  64  5:08  Probe, Observer  
  66  5:14  Probe  
  66  5:20  Probe  
  68  5:23  Pylon  
  68  5:36  Adept  
  70  9:38  Warp Prism  
  70  9:40  Nexus  
  70  9:51  Gateway  
  72  9:54  Robotics Bay  
  72  9:56  Forge  
  72  10:00  Stargate  
  72  10:02  Warp Prism  
  72  10:03  Pylon  
  68  10:15  Zealot  
  57  10:31  Observer  
  55  10:41  Gateway  
  56  10:46  Observer  
  56  10:47  Fleet Beacon, Stalker  
  58  10:52  Probe  
  58  10:54  Probe  
  42  11:02  Probe, Stalker  
  20  11:04  Probe  
  20  11:09  Forge  
  20  11:11  Probe, Pylon  
Tags
 
Add a new tag
Caveats
  • Supply blocks, unpowered buildings, or Contaminate may cause inaccurate times.
  • Supply counts are checked every 10 seconds.